3A
PUT-IN-BAY BC @ ATHLETIC CLUB KC U-24
08/21/2042
 
TOP OF THE 1ST
Put-In-Bay BC batting - Pitching for Athletic Club KC U-24 : RHP Ronald McDonald
Pitching: RHP Ronald McDonald
Batting: LHB Rob Litten 0-0: Ball
1-0: Ball
2-0: Foul Ball, location: 2F
2-1: Called Strike
2-2: Strikes out swinging
Batting: SHB Héctor Solís 0-0: DOUBLE (Line Drive, 5D, EV 94.4 MPH)
Batting: RHB Chris P. Bacon 0-0: Called Strike
0-1: Foul Ball, location: 2F
0-2: Ball
1-2: Foul Ball, location: 2F
1-2: Ball
2-2: Fly out, F9 (Flyball, 89D, EV 101.9 MPH)
Batting: LHB Fernan Espinoza 0-0: Called Strike
0-1: Swinging Strike
0-2: Ball
1-2: Strikes out swinging
Top of the 1st over - 0 runs, 1 hit, 0 errors, 1 left on base; Put-In-Bay 0 - Athletic Club KC 0
BOTTOM OF THE 1ST
Athletic Club KC U-24 batting - Pitching for Put-In-Bay BC : LHP Jason Reynolds
Pitching: LHP Jason Reynolds
Batting: RHB David Bosingwa 0-0: Fly out, F9 (Flyball, 89M, EV 98.8 MPH)
Batting: RHB Pedro Píaz 0-0: Ball
1-0: Ball
2-0: DOUBLE (Line Drive, 9LS, EV 99.4 MPH)
Batting: SHB Osvaldo Ardiles 0-0: Called Strike
0-1: Ball
1-1: SINGLE (Line Drive, 56, EV 95.6 MPH)
Pedro Píaz to third
Runner from 3rd tries for Home, SAFE, no throw by LF
Batting: LHB Ramiro Curran 0-0: Called Strike
0-1: Ball
1-1: Foul Ball, location: 2F
1-2: Foul Ball, location: 2F
1-2: Strikes out swinging
Batting: LHB Greg Flynn 0-0: Swinging Strike
0-1: Fly out, F7 (Flyball, 78M, EV 72.5 MPH)
Bottom of the 1st over - 1 run, 2 hits, 0 errors, 1 left on base; Put-In-Bay 0 - Athletic Club KC 1
TOP OF THE 2ND
Put-In-Bay BC batting - Pitching for Athletic Club KC U-24 : RHP Ronald McDonald
Batting: RHB Bang-xao Li 0-0: Called Strike
0-1: Fly out, F9 (Flyball, 9S, EV 81.9 MPH)
Batting: LHB Mies Lumme 0-0: Ball
1-0: Ball
2-0: Ground out 4-3 (Groundball, 4, EV 81.2 MPH)
Batting: LHB Tom Bruce 0-0: Fly out, F3 (Line Drive, 3, EV 71.2 MPH)
Top of the 2nd over - 0 runs, 0 hits, 0 errors, 0 left on base; Put-In-Bay 0 - Athletic Club KC 1
BOTTOM OF THE 2ND
Athletic Club KC U-24 batting - Pitching for Put-In-Bay BC : LHP Jason Reynolds
Batting: SHB Francisco Rojas 0-0: Called Strike
0-1: SINGLE (Groundball, 56D, EV 105.0 MPH)
Batting: LHB Derek Robinson 0-0: Swinging Strike
0-1: Swinging Strike
0-2: Strikes out looking
Batting: RHB Sam Jones 0-0: Ball
1-0: Ball
2-0: Foul Ball, location: 2F
2-1: Ball
3-1: Base on Balls
Francisco Rojas to second
Batting: RHB James Allingham 0-0: Called Strike
0-1: Ball
1-1: SINGLE (Line Drive, 7S, EV 103.1 MPH)
Francisco Rojas to third
Sam Jones to second
Runner from 3rd tries for Home, SAFE, throw by LF to home
Batting: RHB David Bosingwa 0-0: Called Strike
0-1: Called Strike
0-2: Strikes out swinging
Batting: RHB Pedro Píaz 0-0: Ball
1-0: Foul Ball, location: 2F
1-1: Ball
2-1: Foul Ball, location: 2F
2-2: Ball
3-2: Foul Ball, location: 2F
3-2: Foul Ball, location: 2F
3-2: DOUBLE (Line Drive, 78M, EV 103.8 MPH)
Sam Jones scores
James Allingham to third
James Allingham scores
Batting: SHB Osvaldo Ardiles 0-0: Foul Ball, location: 2F
0-1: Swinging Strike
0-2: Strikes out swinging
Bottom of the 2nd over - 3 runs, 3 hits, 0 errors, 1 left on base; Put-In-Bay 0 - Athletic Club KC 4
TOP OF THE 3RD
Put-In-Bay BC batting - Pitching for Athletic Club KC U-24 : RHP Ronald McDonald
Batting: SHB Juan Gallardo 0-0: Ground out U3 (Groundball, 3L, EV 85.0 MPH)
Batting: RHB Mark Mathews 0-0: Ball
1-0: Ball
2-0: Called Strike
2-1: Swinging Strike
2-2: Strikes out swinging
Batting: LHB Rob Litten 0-0: Ball
1-0: Called Strike
1-1: Called Strike
1-2: Ball
2-2: DOUBLE (Line Drive, 89XD, EV 100.6 MPH)
Batting: SHB Héctor Solís 0-0: Swinging Strike
0-1: Ball
1-1: Ball
2-1: Foul Ball, location: 2F
2-2: Ball
3-2: Ground out 4-3 (Groundball, 4, EV 83.1 MPH)
Top of the 3rd over - 0 runs, 1 hit, 0 errors, 1 left on base; Put-In-Bay 0 - Athletic Club KC 4
BOTTOM OF THE 3RD
Athletic Club KC U-24 batting - Pitching for Put-In-Bay BC : LHP Jason Reynolds
Batting: LHB Ramiro Curran 0-0: Ball
1-0: Ball
2-0: Foul Ball, location: 2F
2-1: Ball
3-1: Foul Ball, location: 2F
3-2: Base on Balls
Batting: LHB Greg Flynn 0-0: Called Strike
0-1: Foul Ball, location: 2F
0-2: Ball
1-2: Ball
2-2: Grounds into double play, 5-4-3 (Groundball, 5, EV 81.9 MPH)
Batting: SHB Francisco Rojas 0-0: Called Strike
0-1: Ball
1-1: Ball
2-1: Swinging Strike
2-2: Ball
3-2: Fly out, F7 (Line Drive, 7, EV 96.2 MPH)
Bottom of the 3rd over - 0 runs, 0 hits, 0 errors, 0 left on base; Put-In-Bay 0 - Athletic Club KC 4
TOP OF THE 4TH
Put-In-Bay BC batting - Pitching for Athletic Club KC U-24 : RHP Ronald McDonald
Batting: RHB Chris P. Bacon 0-0: Ground out 6-3 (Groundball, 6, EV 86.9 MPH)
Batting: LHB Fernan Espinoza 0-0: Called Strike
0-1: Called Strike
0-2: DOUBLE (Flyball, 8LXD, EV 106.2 MPH)
Batting: RHB Bang-xao Li 0-0: Ball
1-0: Swinging Strike
1-1: SINGLE (Groundball, 4D, EV 110.0 MPH)
Fernan Espinoza to third
Runner from 3rd tries for Home, SAFE, no throw by RF
Batting: LHB Mies Lumme 0-0: Ball
1-0: Called Strike
1-1: DOUBLE (Groundball, 3L, EV 106.2 MPH)
Bang-xao Li to third
Pinch Runner at 2nd Patrick Sullivan:
Batting: LHB Tom Bruce 0-0: Ball
1-0: Called Strike
1-1: Ball
2-1: Foul Ball, location: 2F
2-2: Foul Ball, location: 2F
2-2: Ball
3-2: Foul Ball, location: 2F
3-2: Base on Balls
Batting: SHB Juan Gallardo 0-0: Swinging Strike
0-1: Ball
1-1: Ball
2-1: Called Strike
2-2: Ball
3-2: Base on Balls
Bang-xao Li scores
Patrick Sullivan to third
Tom Bruce to second
Batting: RHB Mark Mathews 0-0: GRAND SLAM HOME RUN (Flyball, 7D, EV 103.1 MPH), Distance : 387 ft
Pitching: LHP Dave Williams
Batting: LHB Rob Litten 0-0: Called Strike
0-1: Foul Ball, location: 2F
0-2: Foul Ball, location: 2F
0-2: Strikes out looking
Batting: SHB Héctor Solís 0-0: Swinging Strike
0-1: Foul Ball, location: 2F
0-2: Strikes out swinging
Top of the 4th over - 6 runs, 4 hits, 0 errors, 0 left on base; Put-In-Bay 6 - Athletic Club KC 4
BOTTOM OF THE 4TH
Athletic Club KC U-24 batting - Pitching for Put-In-Bay BC : LHP Jason Reynolds
Now at 1B: Kenny Simmons
Batting: LHB Derek Robinson 0-0: Foul Ball, location: 2F
0-1: Foul Ball, location: 2F
0-2: Ball
1-2: Ball
2-2: Ground out 4-3 (Groundball, 4, EV 92.5 MPH)
Batting: RHB Sam Jones 0-0: Called Strike
0-1: Called Strike
0-2: Strikes out swinging
Batting: RHB James Allingham 0-0: Ball
1-0: Ball
2-0: SINGLE (Groundball, 56D, EV 99.4 MPH)
Batting: RHB David Bosingwa 0-0: Called Strike
0-1: Called Strike
0-2: Ground out 5-3 (Groundball, 5, EV 88.1 MPH)
Bottom of the 4th over - 0 runs, 1 hit, 0 errors, 1 left on base; Put-In-Bay 6 - Athletic Club KC 4
TOP OF THE 5TH
Put-In-Bay BC batting - Pitching for Athletic Club KC U-24 : LHP Dave Williams
Batting: RHB Chris P. Bacon 0-0: Ball
1-0: Ball
2-0: SOLO HOME RUN (Flyball, 7LD, EV 99.4 MPH), Distance : 344 ft
Pitching: RHP Vicente Solís
Batting: LHB Fernan Espinoza 0-0: Ball
1-0: Called Strike
1-1: Ball
2-1: Ball
3-1: Base on Balls
Batting: RHB Bang-xao Li 0-0: Ball
1-0: Called Strike
1-1: Foul Ball, location: 2F
1-2: Foul Ball, location: 2F
1-2: Ball
2-2: Foul Ball, location: 2F
2-2: Ball
3-2: Ground out 1-3 (Groundball, 13S, EV 67.5 MPH)
Fernan Espinoza to second
Batting: RHB Kenny Simmons 0-0: Called Strike
0-1: Foul Ball, location: 2F
0-2: Strikes out swinging
Batting: LHB Tom Bruce 0-0: Ball
1-0: Ball
2-0: Ball
3-0: Base on Balls
Batting: SHB Juan Gallardo 0-0: Ball
1-0: Fly out, F8 (Flyball, 8LS, EV 86.2 MPH)
Top of the 5th over - 1 run, 1 hit, 0 errors, 2 left on base; Put-In-Bay 7 - Athletic Club KC 4
BOTTOM OF THE 5TH
Athletic Club KC U-24 batting - Pitching for Put-In-Bay BC : LHP Jason Reynolds
Batting: RHB Pedro Píaz 0-0: Fly out, F9 (Flyball, 9S, EV 93.1 MPH)
Batting: SHB Osvaldo Ardiles 0-0: Called Strike
0-1: Ball
1-1: Fly out, F9 (Flyball, 89S, EV 89.4 MPH)
Batting: LHB Ramiro Curran 0-0: Called Strike
0-1: Ball
1-1: Foul Ball, location: 2F
1-2: Strikes out swinging
Bottom of the 5th over - 0 runs, 0 hits, 0 errors, 0 left on base; Put-In-Bay 7 - Athletic Club KC 4
TOP OF THE 6TH
Put-In-Bay BC batting - Pitching for Athletic Club KC U-24 : RHP Vicente Solís
Batting: RHB Mark Mathews 0-0: Ball
1-0: Ball
2-0: Called Strike
2-1: Foul Ball, location: 2F
2-2: Strikes out swinging
Batting: LHB Rob Litten 0-0: Ball
1-0: Ball
2-0: Called Strike
2-1: Foul Ball, location: 2F
2-2: SINGLE (Groundball, 4, EV 105.0 MPH) (infield hit)
Batting: SHB Héctor Solís 0-0: Ball
1-0: Ball
2-0: TRIPLE (Flyball, 89XD, EV 108.1 MPH)
Rob Litten scores
Batting: RHB Chris P. Bacon 0-0: SINGLE (Flyball, 9LS, EV 91.2 MPH)
Héctor Solís scores
Pitching: RHP Jian-cheng Gang
Batting: LHB Fernan Espinoza 0-0: Ball
1-0: Foul Ball, location: 2F
1-1: Ball
2-1: Swinging Strike
2-2: Ball
3-2: Strikes out swinging
Batting: RHB Bang-xao Li 0-0: Called Strike
0-1: Ball
1-1: Ball
2-1: Foul Ball, location: 2F
2-2: Foul Ball, location: 2F
2-2: Ball
3-2: Foul Ball, location: 2F
3-2: Ground out U3 (Groundball, 34S, EV 83.1 MPH)
Top of the 6th over - 2 runs, 3 hits, 0 errors, 1 left on base; Put-In-Bay 9 - Athletic Club KC 4
BOTTOM OF THE 6TH
Athletic Club KC U-24 batting - Pitching for Put-In-Bay BC : LHP Jason Reynolds
Batting: LHB Greg Flynn 0-0: Ball
1-0: Ball
2-0: Foul Ball, location: 2F
2-1: Ball
3-1: DOUBLE (Line Drive, 7LS, EV 92.5 MPH)
Batting: SHB Francisco Rojas 0-0: Foul Ball, location: 2F
0-1: Foul Ball, location: 2F
0-2: Ball
1-2: Strikes out swinging
Batting: LHB Derek Robinson 0-0: Ball
1-0: Ball
2-0: Foul Ball, location: 2F
2-1: Foul Ball, location: 2F
2-2: Foul Ball, location: 2F
2-2: Ball
3-2: Base on Balls
Pitching: RHP Júlio Japón
Batting: RHB Sam Jones 0-0: Called Strike
0-1: Grounds into double play, 5-4-3 (Groundball, 56, EV 88.8 MPH)
Bottom of the 6th over - 0 runs, 1 hit, 0 errors, 1 left on base; Put-In-Bay 9 - Athletic Club KC 4
TOP OF THE 7TH
Put-In-Bay BC batting - Pitching for Athletic Club KC U-24 : RHP Jian-cheng Gang
Batting: RHB Kenny Simmons 0-0: Swinging Strike
0-1: Ball
1-1: Swinging Strike
1-2: Ball
2-2: Ball
3-2: Base on Balls
Batting: LHB Tom Bruce 0-0: Called Strike
0-1: Ball
1-1: Foul Ball, location: 2F
1-2: Ball
2-2: Ball
3-2: Strikes out swinging
Batting: SHB Juan Gallardo 0-0: Ball
Kenny Simmons steals 2nd base
1-0: Foul Ball, location: 2F
1-1: Ball
2-1: Swinging Strike
2-2: Strikes out swinging
Batting: RHB Mark Mathews 0-0: Ball
1-0: Foul Ball, location: 2F
1-1: Foul Ball, location: 2F
1-2: Ball
2-2: Ball
3-2: SINGLE (Groundball, 6MD, EV 103.1 MPH)
Kenny Simmons to third
Kenny Simmons scores
Batting: LHB Rob Litten 0-0: Ball
1-0: Ball
2-0: Ball
3-0: Called Strike
3-1: Called Strike
3-2: Foul Ball, location: 2F
3-2: Foul Ball, location: 2F
3-2: Base on Balls
Mark Mathews to second
Batting: SHB Héctor Solís 0-0: Foul Ball, location: 2F
0-1: Called Strike
0-2: Ground out U3 (Groundball, 34S, EV 69.4 MPH)
Top of the 7th over - 1 run, 1 hit, 0 errors, 2 left on base; Put-In-Bay 10 - Athletic Club KC 4
BOTTOM OF THE 7TH
Athletic Club KC U-24 batting - Pitching for Put-In-Bay BC : RHP Júlio Japón
Batting: RHB James Allingham 0-0: Foul Ball, location: 2F
0-1: Fly out, F9 (Flyball, 9LS, EV 93.1 MPH)
Batting: RHB David Bosingwa 0-0: Ball
1-0: Called Strike
1-1: Ball
2-1: Ball
3-1: Swinging Strike
3-2: Strikes out looking
Batting: RHB Pedro Píaz 0-0: Called Strike
0-1: Ball
1-1: Ball
2-1: Swinging Strike
2-2: Foul Ball, location: 2F
2-2: Ball
3-2: Base on Balls
Batting: SHB Osvaldo Ardiles 0-0: Ground out 5-3 (Groundball, 56S, EV 89.4 MPH)
Bottom of the 7th over - 0 runs, 0 hits, 0 errors, 1 left on base; Put-In-Bay 10 - Athletic Club KC 4
TOP OF THE 8TH
Put-In-Bay BC batting - Pitching for Athletic Club KC U-24 : RHP Jian-cheng Gang
Batting: RHB Chris P. Bacon 0-0: Called Strike
0-1: Ball
1-1: Foul Ball, location: 2F
1-2: Foul Ball, location: 2F
1-2: Foul Ball, location: 2F
1-2: Fly out, F6 (Popup, 4S, EV 74.4 MPH)
Pitching: RHP Yun-tae Yi
Batting: LHB Fernan Espinoza 0-0: Called Strike
0-1: Ball
1-1: Fly out, F8 (Flyball, 8LD, EV 98.1 MPH)
Batting: RHB Bang-xao Li 0-0: Swinging Strike
0-1: Swinging Strike
0-2: Strikes out swinging
Top of the 8th over - 0 runs, 0 hits, 0 errors, 0 left on base; Put-In-Bay 10 - Athletic Club KC 4
BOTTOM OF THE 8TH
Athletic Club KC U-24 batting - Pitching for Put-In-Bay BC : RHP Júlio Japón
Batting: LHB Ramiro Curran 0-0: Fly out, F8 (Line Drive, 8RM, EV 94.4 MPH)
Pitching: RHP Kimitada Shini
Batting: LHB Greg Flynn 0-0: Ball
1-0: Swinging Strike
1-1: Foul Ball, location: 2F
1-2: Ball
2-2: Strikes out swinging, 2-3 out at first.
Batting: SHB Francisco Rojas 0-0: Ball
1-0: Foul Ball, location: 2F
1-1: Ground out 4-3 (Groundball, 4M, EV 104.4 MPH)
Bottom of the 8th over - 0 runs, 0 hits, 0 errors, 0 left on base; Put-In-Bay 10 - Athletic Club KC 4
TOP OF THE 9TH
Put-In-Bay BC batting - Pitching for Athletic Club KC U-24 : RHP Yun-tae Yi
Batting: RHB Kenny Simmons 0-0: Ball
1-0: Foul Ball, location: 2F
1-1: Ball
2-1: Foul Ball, location: 2F
2-2: Foul Ball, location: 2F
2-2: Strikes out looking
Batting: LHB Tom Bruce 0-0: Called Strike
0-1: Ball
1-1: Called Strike
1-2: Ball
2-2: Strikes out swinging
Batting: SHB Juan Gallardo 0-0: Ball
1-0: Ball
2-0: Foul Ball, location: 2F
2-1: Swinging Strike
2-2: Strikes out swinging
Top of the 9th over - 0 runs, 0 hits, 0 errors, 0 left on base; Put-In-Bay 10 - Athletic Club KC 4
BOTTOM OF THE 9TH
Athletic Club KC U-24 batting - Pitching for Put-In-Bay BC : RHP Kimitada Shini
Batting: LHB Derek Robinson 0-0: Ball
1-0: Fly out, F8 (Line Drive, 8LD, EV 91.2 MPH)
Batting: RHB Sam Jones 0-0: Called Strike
0-1: SINGLE (Groundball, 56D, EV 98.1 MPH)
Batting: RHB James Allingham 0-0: Fly out, F8 (Flyball, 8LD, EV 98.8 MPH)
Batting: RHB David Bosingwa 0-0: Ball
1-0: Ball
2-0: Foul Ball, location: 2F
2-1: Ball
3-1: Foul Ball, location: 2F
3-2: Foul Ball, location: 2F
3-2: Foul Ball, location: 2F
3-2: Fly out, F7 (Line Drive, 7, EV 85.6 MPH)
Bottom of the 9th over - 0 runs, 1 hit, 0 errors, 1 left on base; Put-In-Bay 10 - Athletic Club KC 4
Friday, March 26th, 2021 - OOTP Baseball 20.8 Build 74